 Dungeon Crawl Stone Soup version 0.18.1-48-g4cf74bf (webtiles) character file.

275 Pierrem the Shield-Bearer (level 6, -2/38 HPs)
             Began as a Gargoyle Fighter on Aug 11, 2016.
             Was an Initiate of Gozag.
             Killed by divine providence
             ... invoked by an orc priest
              (13 damage)
             ... on level 5 of the Dungeon.
             The game lasted 00:21:12 (5033 turns).

Pierrem the Shield-Bearer (Gargoyle Fighter)        Turns: 5033, Time: 00:21:13

Health: -2/38      AC: 15    Str: 22    XL:     6   Next: 25%
Magic:  6/6        EV:  9    Int:  8    God:    Gozag
Gold:   282        SH:  9    Dex:  9    Spells: 0 memorised, 5 levels left

rFire  . . .     SeeInvis .     a - +0 flail
rCold  . . .     Gourm    .     J - +0 chain mail
rNeg   + . .     Faith    .     c - +0 shield
rPois  ∞         Spirit   .     (no helmet)
rElec  +         Dismiss  .     F - +0 cloak
rCorr  +         Reflect  .     (no gloves)
SustAt .         Harm     .     (no boots)
MR     .....                    r - amulet of rage
Stlth  ..........               x - ring of resist corrosion
                                z - +3 ring of evasion

@: not resistant to hostile enchantments, extremely unstealthy
A: negative energy resistance 1, electricity resistance, unbreathing,
petrification resistance, rot immunity, AC +4
a: Potion Petition, Call Merchant, Bribe Branch, Renounce Religion, Evoke
Berserk Rage


You were on level 5 of the Dungeon.
You worshipped Gozag.
Gozag was noncommittal.
You were not hungry.

You visited 1 branch of the dungeon, and saw 5 of its levels.

You collected 347 gold pieces.
You paid 65 gold pieces to Gozag.

Inventory:

Hand Weapons
 a - a +0 flail (weapon)
 s - a +0 hunting sling
 E - a +3 quarterstaff of chaos
Missiles
 e - 119 stones
 n - 90 arrows
 q - a throwing net
 u - 17 bolts
 y - 4 large rocks (quivered)
 B - 31 sling bullets
Armour
 b - a +0 scale mail
 c - a +0 shield (worn)
 F - a +0 cloak (worn)
 J - a +0 chain mail (worn)
Jewellery
 r - an amulet of rage (around neck)
 x - a ring of resist corrosion (right hand)
 z - a +3 ring of evasion (left hand)
Wands
 A - a wand of acid (6/15)
Scrolls
 g - 2 scrolls of remove curse
 h - 5 scrolls of identify {unknown}
 i - 2 scrolls of noise {unknown}
 j - 2 scrolls of amnesia {unknown}
 o - a scroll of enchant weapon {unknown}
 t - a scroll of magic mapping {unknown}
 C - a scroll of immolation {unknown}
 D - a scroll of fog {unknown}
 G - a scroll of random uselessness {unknown}
 I - a scroll of fear {unknown}
Potions
 d - 2 potions of might
 k - 2 potions of agility
 l - 2 potions of degeneration {unknown}
 m - a potion of lignification {unknown}
 p - 2 potions of curing
 v - a potion of flight {unknown}
 w - a potion of cure mutation {unknown}
Comestibles
 f - 2 bread rations
 H - a beef jerky


   Skills:
 + Level 3.8 Fighting
 + Level 2.7 Maces & Flails
 + Level 4.2 Armour
 + Level 2.2 Dodging
 + Level 1.4 Stealth
 + Level 4.9 Shields


You had 5 spell levels left.
You didn't know any spells.

Dungeon Overview and Level Annotations

Branches:
Dungeon (5/15)
 Temple: D:4-7

Altars:
Gozag
Ru
Xom


Innate Abilities, Weirdness & Mutations

You are resistant to torment.
Your stone body is resilient (AC +4).
You are immune to poison.
You resist negative energy.
You are resistant to electric shocks.
You can survive without breathing.
You are immune to petrification.
You are immune to rotting.


Message History

You hear some strange, mumbled words.
A puff of flame appears from out of thin air!
The puff of flame hits you!
You hear some strange, mumbled words.
A puff of frost appears from out of thin air!
You block the puff of frost.
There is an open door here.
Something hits you but does no damage.
An orc opens the door.
A magic dart appears from out of thin air!
The magic dart hits you! Something hits you but does no damage.
You hear some strange, mumbled words.
A puff of frost appears from out of thin air!
The puff of frost hits you!
* * * LOW HITPOINT WARNING * * *
The orc priest calls down the wrath of Beogh upon you.
Beogh smites you!
You die...
Your body crumbles into a pile of gold.

#.........#.....#############
#.........#..................
#.........#..................
#..>......#..................
#.........#'######.....##...
#................#.....#########
#................#.............##
#................#.............#.
#...............@########......#.
##########..............#......))
########.......#......#.
#.......+......#.
+...o...########.
#....o...........
#...Y.o..........
#................
+................


You could see an ice beast, an orc priest and 2 orcs.

Vanquished Creatures
  A scorpion (D:5)
  Crazy Yiuf (D:4)
  2 orc wizards (D:5)
  6 adders
  A howler monkey skeleton (D:3)
  A shadow imp (D:5)
  3 oozes (D:2)
  A worm (D:2)
  A dart slug (D:2)
  7 orcs
  3 giant cockroaches
  6 goblins
  4 hobgoblins
  4 jackals (D:4)
  2 quokkas
  6 bats
  2 giant newts
  3 kobolds (D:2)
  5 rats
  A bush (D:3)
  6 plants (D:3)
66 creatures vanquished.

Notes
Turn   | Place    | Note
--------------------------------------------------------------
     0 | D:1      | Pierrem the Gargoyle Fighter began the quest for the Orb.
     0 | D:1      | Reached XP level 1. HP: 14/14 MP: 1/1
   685 | D:1      | Reached XP level 2. HP: 19/19 MP: 2/2
  1402 | D:2      | Reached XP level 3. HP: 16/24 MP: 3/3
  2017 | D:2      | Reached skill level 1 in Dodging
  2071 | D:2      | Reached XP level 4. HP: 29/29 MP: 4/4
  3309 | D:3      | Paralysed by fainting for 11 turns
  3326 | D:3      | Paralysed by fainting for 7 turns
  3335 | D:3      | Paralysed by fainting for 5 turns
  3373 | D:3      | Paralysed by fainting for 7 turns
  4136 | D:4      | Noticed Crazy Yiuf
  4150 | D:4      | Killed Crazy Yiuf
  4150 | D:4      | Reached XP level 5. HP: 25/33 MP: 5/5
  4252 | D:4      | Found a shimmering altar of Xom.
  4417 | D:4      | Found an opulent altar of Gozag.
  4432 | D:4      | Became a worshipper of Gozag Ym Sagoz the Greedy
  4564 | D:5      | Entered Level 5 of the Dungeon
  4571 | D:5      | Found a sacrificial altar of Ru.
  4643 | D:5      | Reached skill level 1 in Stealth
  4643 | D:5      | Reached XP level 6. HP: 37/38 MP: 6/6
  5000 | D:5      | Noticed an ice beast
  5033 | D:5      | Killed from afar by an orc priest

Skill      XL: |  1  2  3  4  5 |
---------------+----------------+-----
Dodging        | 1 2 |  2.2
Shields        | 4 |  4.9
Armour         | 4 |  4.2
Stealth        | 1 |  1.4
Fighting       | |  3.8
Maces & Flails | |  2.7

Action                   |  1- 3 |  4- 6 || total
-------------------------+-------+-------++-------
Melee: Flail             |   123 |   448 ||   571
  Use: Scroll            |       |     1 ||     1
 Stab: Invisible         |       |     1 ||     1
       Paralysed         |       |     2 ||     2
  Eat: Chunk             |     4 |     1 ||     5
       Bread ration      |       |     2 ||     2
       Beef jerky        |       |     1 ||     1
Armor: Scale mail        |    83 |    80 ||   163
       Chain mail        |       |    11 ||    11
Dodge: Dodged            |    49 |    91 ||   140
Block: Shield            |    79 |   135 ||   214
